AoeStats
← rattan archer

Black Forest

507992531Analyzed
2v2 RM · 11d ago on Sep 20, 2026· 63m 53s· 4 players
Game mode
Random Map
Map size
Medium (4 player)
Population
200
Speed
Normal
Resources
Standard
Victory
Conquest
Starting age
Dark Age
Ending age
Imperial Age
RankedLock teamsTeams togetherTeam positionsShared explorationLock speedFull tech treeHidden civsTurbo modeCheats
Victory
Defeat
🇻🇳 Burgundians · Vietnam
1247
+15
🇬🇧 Britons · United Kingdom
1224
+16
🇨🇦 Celts · Canada
1229
-15
🇫🇷 Persians · France
1229
-16
jjtwilefc
0:47 Loom
11:33 Feudal Age
13:00 Double-Bit Axe
15:37 Castle Age
13:37 Horse Collar
16:38 Bow Saw
21:41 Wheelbarrow
22:32 Fletching
23:17 Squires
23:52 Scale Mail Armor
23:48 Pikeman
25:57 Crossbowman
28:52 Bodkin Arrow
29:42 Chain Mail Armor
30:17 Padded Archer Armor
32:00 Ballistics
35:34 Imperial Age
36:50 Bracer
37:06 Leather Archer Armor
37:53 Chemistry
38:19 Conscription
38:20 Yeomen
38:44 Halberdier
40:33 Elite Longbowman
41:48 Ring Archer Armor
41:31 Forging
43:08 Plate Mail Armor
43:47 Coinage
45:33 Iron Casting
52:52 Blast Furnace
59:59 Warwolf
62:41 Guilds
rattan archer
1:03 Loom
6:19 Double-Bit Axe
8:05 Wheelbarrow
12:22 Feudal Age
12:20 Horse Collar
18:08 Castle Age
17:34 Gold Mining
19:02 Gold Shaft Mining
18:09 Cavalier
19:15 Scale Barding Armor
19:24 Husbandry
20:13 Bow Saw
39:46 Hand Cart
42:22 Heavy Plow
42:51 Forging
43:54 Town Watch
53:21 Stone Mining
56:15 Town Patrol
57:38 Two-Man Saw
58:25 Fletching
58:42 Light Cavalry
59:52 Chain Barding Armor
62:45 Imperial Age
60:20 Squires
60:06 Arson
60:25 Scale Mail Armor
64:13 Stone Shaft Mining
64:39 Crop Rotation
LMB.Soulou
1:07 Loom
12:38 Feudal Age
17:32 Castle Age
16:29 Double-Bit Axe
19:54 Wheelbarrow
21:30 Gold Mining
21:53 Bow Saw
22:25 Scale Mail Armor
26:11 Chain Mail Armor
27:37 Hand Cart
35:11 Forging
36:36 Horse Collar
37:38 Heavy Plow
41:33 Imperial Age
41:50 Iron Casting
42:49 Plate Mail Armor
41:53 Capped Ram
43:15 Conscription
46:08 Blast Furnace
46:45 Elite Woad Raider
50:02 Siege Ram
56:49 Furor Celtica
58:54 Coinage
58:36 Guilds
58:27 Caravan
luclacombe
1:18 Loom
12:01 Feudal Age
16:09 Castle Age
14:33 Double-Bit Axe
14:35 Horse Collar
16:59 Scale Barding Armor
17:09 Forging
24:52 Scale Barding Armor
28:39 Bloodlines
31:07 Bow Saw
32:16 Husbandry
33:58 Heavy Plow
34:47 Chain Barding Armor
40:05 Imperial Age
39:30 Iron Casting
40:01 Wheelbarrow
41:36 Plate Barding Armor
42:59 Blast Furnace
42:44 Cavalier
53:36 Light Cavalry
58:09 Hussar
59:16 Hand Cart
Connection lost

Rejoining the realm…

Still unreachable

The connection could not be restored.

Session expired

The server has moved on; the page needs a fresh start.